Oilers vs Flyers

Created - Friday, March 04, 2016 at 03:17

Goals
1 2 3 T
Oilers 1 2 0 3
Flyers 1 1 2 4
Shots
1 2 3 T
Oilers 14 14 3 31
Flyers 10 6 17 33

1st period

1. Flyers , Bryan Little 31 (Mark Stuart) at 13:17
2. Oilers , David Desharnais 14 (Milan Michalek, Nick Bonino) at 15:07

Penalties :
James Wisniewski (Edm) for Boarding (Minor) at 9:14, Gabriel Landeskog (Phi) for Tripping (Minor) at 17:24

2nd period

3. Oilers , Pavel Datsyuk 25 (Derek Stepan) at 0:20 (PP)
4. Flyers , Evgeni Malkin 46 (Niklas Kronwall) at 3:18 (PP)
5. Oilers , Patrick Marleau 26 (Pavel Datsyuk, Ryan McDonagh) at 7:15

Penalties :
Corey Perry (Phi) for Unsportsmanlike conduct (Minor) at 0:09, Andrew Ladd (Edm) for Delaying the game (Minor) at 2:58, Mark Giordano (Phi) for Tripping (Minor) at 7:46, Mark Stuart (Phi) for Goalie Interference (Minor) at 12:08

3rd period

6. Flyers , Evgeni Malkin 47 (P.K. Subban) at 2:44
7. Flyers , Bryan Little 32 (Gabriel Landeskog, Mark Stuart) at 18:20

Penalties :
Ryan McDonagh (Edm) for Hooking (Minor) at 14:54

Goalie Stats

Jeremy Smith (Edm), 29 saves from 33 shots - (0.879), L, 3-1-0, 60:00 minutes
Corey Crawford (Phi), 28 saves from 31 shots - (0.903), W, 38-15-2, 60:00 minutes

Players Stats for Oilers

Player Name              G  A  P  +/- PIM S  H  SB GA TA FO     MP     PP MP  PK MP  
------------------------------------------------------------------------------------
Andrew Ladd              0  0  0  -1  2   3  3  0  4  1  0/0    21:42   2:57   2:37 
Andrew MacDonald         0  0  0  -1  0   2  0  3  0  0  0/0    14:15   0:00   1:05 
Brayden McNabb           0  0  0   0  0   1  0  0  0  0  0/0     2:06   0:00   0:00 
David Desharnais         1  0  1   1  0   3  0  0  1  1  6/13   17:55   3:15   0:55 
Derek Stepan             0  1  1  -2  0   2  1  0  1  1  5/14   20:05   5:05   0:00 
James Wisniewski         0  0  0   1  2   1  1  0  0  0  0/0    22:49   5:05   1:05 
Jason Demers             0  0  0  -1  0   4  0  1  0  1  0/0    12:55   0:00   0:00 
Lars Eller               0  0  0   0  0   2  0  0  0  0  4/5     8:30   0:00   0:33 
Milan Michalek           0  1  1   1  0   1  2  0  4  1  0/1    17:00   1:31   1:01 
Nick Bonino              0  1  1   1  0   1  1  0  0  0  1/4    16:11   0:00   2:46 
Nick Foligno             0  0  0  -2  0   2  1  0  3  1  2/2    19:27   3:20   0:00 
Nicklas Backstrom        0  0  0  -1  0   0  3  1  3  0  7/13   17:20   3:33   0:00 
Niklas Hjalmarsson       0  0  0  -1  0   0  0  1  0  0  0/0    20:18   0:00   3:13 
Patrick Marleau          1  0  1   0  0   3  3  0  2  1  0/1    22:55   2:43   0:44 
Pavel Datsyuk            1  1  2   0  0   5  1  0  3  0  0/0    15:13   3:11   0:00 
Ryan McDonagh            0  1  1   1  2   1  2  0  0  1  0/0    18:43   0:00   0:00 
Trevor Lewis             0  0  0   0  0   0  0  0  0  0  0/1     7:57   0:00   0:00 
Zbynek Michalek          0  0  0  -1  0   0  2  4  0  1  0/0    20:18   0:00   3:13 

Players Stats for Flyers

Player Name              G  A  P  +/- PIM S  H  SB GA TA FO     MP     PP MP  PK MP  
------------------------------------------------------------------------------------
Bryan Little             2  0  2   1  0   8  2  0  3  0  11/18  20:23   2:22   4:21 
Chris Kreider            0  0  0   0  0   0  1  0  0  0  0/1    12:28   0:00   0:00 
Chris Phillips           0  0  0   1  0   3  0  0  0  0  0/0    15:18   0:00   2:04 
Chris Stewart            0  0  0   0  0   0  0  0  3  0  0/0    10:04   0:00   1:03 
Corey Perry              0  0  0   1  2   1  1  0  0  1  0/0    15:22   2:22   0:00 
Evgeni Malkin            2  0  2   0  0   8  2  0  1  0  8/14   17:11   1:56   0:30 
Gabriel Landeskog        0  1  1   1  2   0  2  0  0  0  1/3    16:51   0:00   2:52 
Jakub Voracek            0  0  0   0  0   1  0  0  2  2  0/1    16:21   1:56   0:00 
Justin Faulk             0  0  0   0  0   0  4  1  1  1  0/0    22:58   2:32   0:13 
Kyle Okposo              0  0  0   0  0   1  0  0  0  0  0/0    16:21   1:56   0:00 
Luke Glendening          0  0  0   0  0   0  0  1  2  1  0/0    10:26   0:00   1:17 
Mark Giordano            0  0  0   0  2   2  1  3  1  0  0/0    19:24   1:46   1:44 
Mark Stuart              0  2  2   1  2   4  1  2  0  1  0/0    15:35   0:00   2:07 
Nate Thompson            0  0  0   0  0   1  2  0  0  0  5/8     9:58   0:00   1:17 
Niklas Kronwall          0  1  1   0  0   0  0  1  1  3  0/0    20:27   1:46   2:54 
P.K. Subban              0  1  1   0  0   2  1  0  1  4  0/0    26:27   2:32   3:14 
Riley Nash               0  0  0   0  0   0  1  0  0  0  4/9    13:24   0:00   0:56 
Taylor Hall              0  0  0   0  0   2  2  2  2  0  0/0    14:50   2:22   0:00 

3 Stars

1 - Bryan Little (Phi)
2 - Evgeni Malkin (Phi)
3 - Pavel Datsyuk (Edm)

Power Play

Oilers - 1 on 4 Attempt(s) - 25.00%
Flyers - 1 on 3 Attempt(s) - 33.33%

Penalty Kill

Oilers - 2 on 3 Attempt(s) - 66.67% - Score 0 goal in Penalty Kill
Flyers - 3 on 4 Attempt(s) - 75.00% - Score 0 goal in Penalty Kill

Team Stat

Oilers - Hits : 20 - Faceoff Wins : 25 - Blocked Shots : 10 - Penalty Minutes : 6
Flyers - Hits : 20 - Faceoff Wins : 29 - Blocked Shots : 10 - Penalty Minutes : 8

Official

Referees : Unknown
Linesman : Unknown

Game Notes

No Game Note

Finance

Level 1 -- Attendance: 5627 (93.78%) -- Ticket Income $455,787
Level 2 -- Attendance: 4778 (95.56%) -- Ticket Income $248,456
Level 3 -- Attendance: 2000 (100.00%) -- Ticket Income $60,000
Level 4 -- Attendance: 3598 (89.95%) -- Ticket Income $64,764
Luxury Box -- Attendance: 905 (90.50%) -- Ticket Income $162,900
Game was played at the Wachovia Center.
Total Attendance: 16908 (93.93%)
Total Ticket Income: $991,907
Other Income: $486,034
Total Income: $1,477,941

Oilers

5 vs 5 Forward 
   Center                   Left Wing                Right Wing               Time % Phy DF OF 
 1 Nicklas Backstrom        Pavel Datsyuk            Patrick Marleau          35     0   1  4  
 2 Derek Stepan             Andrew Ladd              Nick Foligno             35     0   1  4  
 3 David Desharnais         Nick Bonino              Milan Michalek           25     0   2  3  
 4 Lars Eller               Patrick Marleau          Trevor Lewis             5      1   2  2  

5 vs 5 Defense 
   Defense                  Defense                                           Time % Phy DF OF 
 1 Ryan McDonagh            James Wisniewski                                  35     1   4  0  
 2 Zbynek Michalek          Niklas Hjalmarsson                                35     1   4  0  
 3 Jason Demers             Andrew MacDonald                                  27     1   4  0  
 4 Brayden McNabb           Ryan McDonagh                                     3      1   4  0  

PowerPlay Forward 
   Center                   Left Wing                Right Wing               Time % Phy DF OF 
 1 Nicklas Backstrom        Pavel Datsyuk            Patrick Marleau          50     0   0  5  
 2 David Desharnais         Andrew Ladd              Nick Foligno             50     0   0  5  

PowerPlay Defense
   Defense                  Defense                                           Time % Phy DF OF 
 1 Derek Stepan             James Wisniewski                                  60     1   2  2  
 2 Nicklas Backstrom        Patrick Marleau                                   40     1   2  2  

Penalty Kill 4 Players Forward 
   Center                   Wing                     Time % Phy DF OF 
 1 Nick Bonino              Andrew Ladd              60     1   4  0  
 2 Lars Eller               Milan Michalek           40     1   4  0  

Penalty Kill 4 Players Defense
   Defense                  Defense                  Time % Phy DF OF 
 1 Zbynek Michalek          Niklas Hjalmarsson       50     1   4  0  
 2 Ryan McDonagh            Andrew MacDonald         50     1   4  0  

Penalty Kill - 3 Players Forward 
   Forward                                           Time % Phy DF OF 
 1 Nick Bonino                                       60     1   4  0  
 2 Derek Stepan                                      40     1   4  0  

Penalty Kill - 3 Players Defense
   Defense                  Defense                  Time % Phy DF OF 
 1 Zbynek Michalek          Niklas Hjalmarsson       50     1   4  0  
 2 Ryan McDonagh            Andrew MacDonald         50     1   4  0  

4 vs 4 Forward 
   Center                   Wing                     Time % Phy DF OF 
 1 Nicklas Backstrom        Pavel Datsyuk            60     0   0  5  
 2 Nick Foligno             Andrew Ladd              40     0   1  4  

4 vs 4 Defense
   Defense                  Defense                  Time % Phy DF OF 
 1 Ryan McDonagh            James Wisniewski         60     1   4  0  
 2 Zbynek Michalek          Niklas Hjalmarsson       40     1   4  0  

Last Minutes Offensive
   Center                   Left Wing                Right Wing               Defense                  Defense                  
   Nicklas Backstrom        Pavel Datsyuk            Nick Foligno             Patrick Marleau          James Wisniewski         

Last Minutes Defensive
   Center                   Left Wing                Right Wing               Defense                  Defense                  
   Nicklas Backstrom        Andrew Ladd              Nick Foligno             Ryan McDonagh            Zbynek Michalek          

Goaltenders
Starting : Jeremy Smith             
Backup : Jaroslav Halak           

Extra Forwards
Normal : Nicklas Backstrom, Pavel Datsyuk, Nick Foligno - PP : Nicklas Backstrom, Pavel Datsyuk - PK : Patrick Marleau
Extra Defensemen
Normal : Jason Demers, Andrew MacDonald, Brayden McNabb - PP : Jason Demers - PK : Andrew MacDonald, Ryan McDonagh
Penalty Shots
Pavel Datsyuk, David Desharnais, Andrew Ladd, Nick Bonino, Nicklas Backstrom

Flyers

5 vs 5 Forward 
   Center                   Left Wing                Right Wing               Time % Phy DF OF 
 1 Evgeni Malkin            Jakub Voracek            Kyle Okposo              35     0   0  5  
 2 Bryan Little             Gabriel Landeskog        Corey Perry              30     0   2  3  
 3 Riley Nash               Taylor Hall              Chris Kreider            22     0   1  4  
 4 Nate Thompson            Chris Stewart            Luke Glendening          13     1   4  0  

5 vs 5 Defense 
   Defense                  Defense                                           Time % Phy DF OF 
 1 P.K. Subban              Justin Faulk                                      35     0   2  3  
 2 Mark Giordano            Niklas Kronwall                                   30     0   1  4  
 3 Mark Stuart              Chris Phillips                                    22     1   4  0  
 4 P.K. Subban              Justin Faulk                                      13     0   3  2  

PowerPlay Forward 
   Center                   Left Wing                Right Wing               Time % Phy DF OF 
 1 Evgeni Malkin            Jakub Voracek            Kyle Okposo              60     0   0  5  
 2 Bryan Little             Taylor Hall              Corey Perry              40     0   0  5  

PowerPlay Defense
   Defense                  Defense                                           Time % Phy DF OF 
 1 P.K. Subban              Justin Faulk                                      60     0   1  4  
 2 Mark Giordano            Niklas Kronwall                                   40     0   1  4  

Penalty Kill 4 Players Forward 
   Center                   Wing                     Time % Phy DF OF 
 1 Bryan Little             Gabriel Landeskog        60     0   3  2  
 2 Nate Thompson            Luke Glendening          40     0   5  0  

Penalty Kill 4 Players Defense
   Defense                  Defense                  Time % Phy DF OF 
 1 P.K. Subban              Mark Stuart              60     0   4  1  
 2 Mark Giordano            Niklas Kronwall          40     0   5  0  

Penalty Kill - 3 Players Forward 
   Forward                                           Time % Phy DF OF 
 1 Bryan Little                                      60     0   5  0  
 2 Luke Glendening                                   40     0   5  0  

Penalty Kill - 3 Players Defense
   Defense                  Defense                  Time % Phy DF OF 
 1 P.K. Subban              Mark Stuart              60     0   5  0  
 2 Mark Giordano            Niklas Kronwall          40     0   5  0  

4 vs 4 Forward 
   Center                   Wing                     Time % Phy DF OF 
 1 Evgeni Malkin            Kyle Okposo              60     0   0  5  
 2 Bryan Little             Jakub Voracek            40     0   1  4  

4 vs 4 Defense
   Defense                  Defense                  Time % Phy DF OF 
 1 P.K. Subban              Justin Faulk             60     0   2  3  
 2 Mark Giordano            Niklas Kronwall          40     0   2  3  

Last Minutes Offensive
   Center                   Left Wing                Right Wing               Defense                  Defense                  
   Evgeni Malkin            Jakub Voracek            Kyle Okposo              P.K. Subban              Mark Giordano            

Last Minutes Defensive
   Center                   Left Wing                Right Wing               Defense                  Defense                  
   Bryan Little             Gabriel Landeskog        Luke Glendening          P.K. Subban              Mark Giordano            

Goaltenders
Starting : Corey Crawford           
Backup : Darcy Kuemper            

Extra Forwards
Normal : Taylor Hall, Chris Kreider, Riley Nash - PP : Gabriel Landeskog, Chris Kreider - PK : Riley Nash
Extra Defensemen
Normal : Mark Stuart, Chris Phillips, Mark Giordano - PP : Mark Stuart - PK : Chris Phillips, Justin Faulk
Penalty Shots
Corey Perry, Evgeni Malkin, Kyle Okposo, Jakub Voracek, Bryan Little

% Time on Ice - Oilers

Lines # - Real PCT - Wanted PCT - Time Play
Normal Forward
1 - 26% - 35% - 12:50
2 - 30% - 35% - 15:00
3 - 27% - 25% - 13:25
4 - 16% - 5% - 7:57
Normal Defense
1 - 33% - 35% - 16:25
2 - 36% - 35% - 17:46
3 - 26% - 27% - 12:55
4 - 4% - 3% - 2:06
PP Forward
1 - 52% - 50% - 3:11
2 - 48% - 50% - 2:57
PP Defense
1 - 83% - 60% - 5:05
2 - 17% - 40% - 1:03
PK Forward
1 - 87% - 60% - 3:45
2 - 13% - 40% - 0:33
PK Defense
1 - 75% - 50% - 3:13
2 - 25% - 50% - 1:05
PK3 Forward
1 - 0% - 60%
2 - 0% - 40%
PK3 Defense
1 - 0% - 50%
2 - 0% - 50%
44 Forward
1 - 0% - 60%
2 - 0% - 40%
44 Defense
1 - 0% - 60%
2 - 0% - 40%
Last Minute Offensive  - 0:22
Last Minute Defensive  - 0:00
Total
Forward - 60:00
Defense - 60:00

% Time on Ice - Flyers

Lines # - Real PCT - Wanted PCT - Time Play
Normal Forward
1 - 30% - 35% - 14:56
2 - 27% - 30% - 13:01
3 - 25% - 22% - 12:28
4 - 18% - 13% - 8:41
Normal Defense
1 - 33% - 35% - 16:19
2 - 32% - 30% - 15:47
3 - 27% - 22% - 13:06
4 - 8% - 13% - 3:54
PP Forward
1 - 45% - 60% - 1:56
2 - 55% - 40% - 2:22
PP Defense
1 - 59% - 60% - 2:32
2 - 41% - 40% - 1:46
PK Forward
1 - 79% - 60% - 4:51
2 - 21% - 40% - 1:17
PK Defense
1 - 53% - 60% - 3:14
2 - 47% - 40% - 2:54
PK3 Forward
1 - 0% - 60%
2 - 0% - 40%
PK3 Defense
1 - 0% - 60%
2 - 0% - 40%
44 Forward
1 - 0% - 60%
2 - 0% - 40%
44 Defense
1 - 0% - 60%
2 - 0% - 40%
Last Minute Offensive  - 0:00
Last Minute Defensive  - 0:28
Total
Forward - 60:00
Defense - 60:00

Play by Play

1st period


0:01 of 1st period - Evgeni Malkin wins face-off versus Nicklas Backstrom in neutral zone.
0:04 of 1st period - Pavel Datsyuk is hit by Justin Faulk and loses puck.
0:27 of 1st period - P.K. Subban is hit by Patrick Marleau and loses puck.
0:38 of 1st period - Wrist shot by Pavel Datsyuk.
0:38 of 1st period - Stopped by Corey Crawford without a rebound.
0:39 of 1st period - Derek Stepan wins face-off versus Gabriel Landeskog in Flyers zone.
1:35 of 1st period - Zbynek Michalek is hit by Mark Giordano and loses puck.
1:48 of 1st period - Riley Nash is hit by Nick Bonino and loses puck.
2:19 of 1st period - Wrist shot by Chris Stewart.
2:19 of 1st period - Shot Misses the Net.
2:21 of 1st period - Slapshot by Mark Stuart.
2:21 of 1st period - Stopped by Jeremy Smith without a rebound.
2:22 of 1st period - Lars Eller wins face-off versus Nate Thompson in Oilers zone.
2:30 of 1st period - Slapshot by Jason Demers.
2:30 of 1st period - Stopped by Corey Crawford with a rebound.
2:32 of 1st period - Backhand shot by Jason Demers.
2:32 of 1st period - Stopped by Corey Crawford with a rebound.
3:29 of 1st period - Snap shot by Andrew Ladd.
3:29 of 1st period - Stopped by Corey Crawford without a rebound.
3:30 of 1st period - Bryan Little wins face-off versus Derek Stepan in Flyers zone.
3:35 of 1st period - Derek Stepan is hit by Mark Stuart.
4:21 of 1st period - Snap shot by David Desharnais.
4:21 of 1st period - Shot Misses the Net.
4:47 of 1st period - Milan Michalek is hit by Taylor Hall and loses puck.
5:12 of 1st period - Mark Giordano is hit by Nicklas Backstrom and loses puck.
5:31 of 1st period - Wrist shot by Nick Foligno.
5:31 of 1st period - Stopped by Corey Crawford with a rebound.
5:37 of 1st period - Slapshot by Andrew Ladd.
5:37 of 1st period - Shot Misses the Net.
5:39 of 1st period - Slapshot by Brayden McNabb.
5:39 of 1st period - Stopped by Corey Crawford without a rebound.
5:40 of 1st period - Nick Foligno wins face-off versus Evgeni Malkin in Flyers zone.
6:35 of 1st period - Snap shot by Luke Glendening.
6:35 of 1st period - Deflect By Chris Stewart.
6:35 of 1st period - Shot Misses the Net.
6:35 of 1st period - Puck is out of play.
6:36 of 1st period - David Desharnais wins face-off versus Nate Thompson in Oilers zone.
7:24 of 1st period - Jason Demers is hit by Nate Thompson and loses puck.
7:37 of 1st period - Snap shot by Bryan Little.
7:37 of 1st period - Stopped by Jeremy Smith without a rebound.
7:38 of 1st period - Bryan Little wins face-off versus Derek Stepan in Oilers zone.
8:07 of 1st period - Wrist shot by Corey Perry.
8:07 of 1st period - Stopped by Jeremy Smith without a rebound.
8:08 of 1st period - Nicklas Backstrom wins face-off versus Evgeni Malkin in Oilers zone.
8:18 of 1st period - Off-side.
8:19 of 1st period - Nicklas Backstrom wins face-off versus Evgeni Malkin in neutral zone.
8:22 of 1st period - Snap shot by Pavel Datsyuk.
8:22 of 1st period - Stopped by Corey Crawford without a rebound.
8:23 of 1st period - Evgeni Malkin wins face-off versus Patrick Marleau in Flyers zone.
8:28 of 1st period - Snap shot by Jakub Voracek.
8:28 of 1st period - Stopped by Jeremy Smith with a rebound.
8:30 of 1st period - Slapshot by P.K. Subban.
8:30 of 1st period - Deflect By Kyle Okposo.
8:30 of 1st period - Stopped by Jeremy Smith without a rebound.
8:31 of 1st period - Evgeni Malkin wins face-off versus Milan Michalek in Oilers zone.
8:54 of 1st period - Wrist shot by Evgeni Malkin.
8:54 of 1st period - Stopped by Jeremy Smith with a rebound.
9:14 of 1st period - Minor Penalty to James Wisniewski for Boarding.
9:15 of 1st period - Bryan Little wins face-off versus Nick Bonino in Oilers zone.
9:24 of 1st period - Snap shot by Bryan Little.
9:24 of 1st period - Stopped by Jeremy Smith with a rebound.
9:26 of 1st period - Wrist shot by Bryan Little.
9:26 of 1st period - Stopped by Jeremy Smith without a rebound.
9:27 of 1st period - Bryan Little wins face-off versus Nick Bonino in Oilers zone.
9:58 of 1st period - Snap shot by Bryan Little.
9:58 of 1st period - Shot Misses the Net.
10:00 of 1st period - Slapshot by Niklas Kronwall.
10:00 of 1st period - Shot Blocked by Niklas Hjalmarsson.
10:53 of 1st period - Bryan Little is hit by Milan Michalek.
11:03 of 1st period - Zbynek Michalek is hit by Justin Faulk and loses puck.
11:14 of 1st period - Penalty to James Wisniewski is over, James Wisniewski is back on ice.
12:08 of 1st period - Wrist shot by Chris Stewart.
12:08 of 1st period - Deflect By Nate Thompson.
12:08 of 1st period - Shot Misses the Net.
12:08 of 1st period - Puck is out of play.
12:09 of 1st period - Lars Eller wins face-off versus Riley Nash in Oilers zone.
12:14 of 1st period - Snap shot by Patrick Marleau.
12:14 of 1st period - Shot Blocked by Mark Giordano.
12:16 of 1st period - Slapshot by Lars Eller.
12:16 of 1st period - Stopped by Corey Crawford with a rebound.
12:18 of 1st period - Snap shot by Jason Demers.
12:18 of 1st period - Stopped by Corey Crawford with a rebound.
12:20 of 1st period - Slapshot by Andrew MacDonald.
12:20 of 1st period - Stopped by Corey Crawford with a rebound.
12:22 of 1st period - Slapshot by Andrew MacDonald.
12:22 of 1st period - Stopped by Corey Crawford with a rebound.
12:24 of 1st period - Slapshot by Andrew MacDonald.
12:24 of 1st period - Shot Hit the Post.
12:26 of 1st period - Snap shot by Andrew MacDonald.
12:26 of 1st period - Shot Blocked by Niklas Kronwall.
13:06 of 1st period - Jason Demers is hit by Corey Perry and loses puck.
13:17 of 1st period - Slapshot by Bryan Little.
13:17 of 1st period - Goal by Bryan Little - Oilers : 0 - Flyers : 1.
13:18 of 1st period - David Desharnais wins face-off versus Evgeni Malkin in neutral zone.
13:25 of 1st period - Nick Bonino is hit by Evgeni Malkin and loses puck.
13:56 of 1st period - Ryan McDonagh is hit by Justin Faulk.
14:21 of 1st period - Corey Perry is hit by Patrick Marleau and loses puck.
15:07 of 1st period - Slapshot by David Desharnais.
15:07 of 1st period - Goal by David Desharnais - Oilers : 1 - Flyers : 1.
15:08 of 1st period - Riley Nash wins face-off versus Derek Stepan in neutral zone.
15:53 of 1st period - Wrist shot by David Desharnais.
15:53 of 1st period - Stopped by Corey Crawford with a rebound.
15:59 of 1st period - Taylor Hall is hit by Milan Michalek and loses puck.
16:23 of 1st period - Wrist shot by Evgeni Malkin.
16:23 of 1st period - Shot Misses the Net.
16:29 of 1st period - Chris Phillips is hit by Zbynek Michalek and loses puck.
16:44 of 1st period - Snap shot by Jakub Voracek.
16:44 of 1st period - Shot Misses the Net.
16:46 of 1st period - Slapshot by Evgeni Malkin.
16:46 of 1st period - Stopped by Jeremy Smith with a rebound.
17:03 of 1st period - Off-side.
17:04 of 1st period - Lars Eller wins face-off versus Bryan Little in neutral zone.
17:24 of 1st period - Minor Penalty to Gabriel Landeskog for Tripping.
17:25 of 1st period - Bryan Little wins face-off versus David Desharnais in Flyers zone.
18:17 of 1st period - Wrist shot by Chris Stewart.
18:17 of 1st period - Shot Hit the Post.
18:23 of 1st period - Mark Giordano is hit by Pavel Datsyuk and loses puck.
18:38 of 1st period - Slapshot by Nicklas Backstrom.
18:38 of 1st period - Shot Blocked by Mark Giordano.
19:02 of 1st period - Snap shot by Andrew Ladd.
19:02 of 1st period - Shot Hit the Post.
19:04 of 1st period - Slapshot by Derek Stepan.
19:04 of 1st period - Stopped by Corey Crawford without a rebound.
19:05 of 1st period - Evgeni Malkin wins face-off versus David Desharnais in Flyers zone.
19:24 of 1st period - Penalty to Gabriel Landeskog is over, Gabriel Landeskog is back on ice.
19:34 of 1st period - Snap shot by Pavel Datsyuk.
19:34 of 1st period - Shot Blocked by Mark Stuart.
Goals for this period are 1 for Oilers vs 1 for Flyers.
Shots for this period are 14 for Oilers vs 10 for Flyers.

2nd period


0:01 of 2nd period - Derek Stepan wins face-off versus Bryan Little in neutral zone.
0:09 of 2nd period - Minor Penalty to Corey Perry for Unsportsmanlike conduct.
0:10 of 2nd period - Nicklas Backstrom wins face-off versus Bryan Little in Flyers zone.
0:20 of 2nd period - Slapshot by Pavel Datsyuk.
0:20 of 2nd period - Goal by Pavel Datsyuk - Oilers : 2 - Flyers : 1.
0:21 of 2nd period - Evgeni Malkin wins face-off versus Derek Stepan in neutral zone.
1:27 of 2nd period - Snap shot by Pavel Datsyuk.
1:27 of 2nd period - Shot Misses the Net.
1:29 of 2nd period - Wrist shot by Pavel Datsyuk.
1:29 of 2nd period - Stopped by Corey Crawford with a rebound.
1:31 of 2nd period - Slapshot by James Wisniewski.
1:31 of 2nd period - Shot Misses the Net.
1:49 of 2nd period - Icing by P.K. Subban.
1:50 of 2nd period - David Desharnais wins face-off versus Chris Kreider in Flyers zone.
2:04 of 2nd period - Snap shot by Nick Bonino.
2:04 of 2nd period - Stopped by Corey Crawford with a rebound.
2:06 of 2nd period - Wrist shot by Milan Michalek.
2:06 of 2nd period - Stopped by Corey Crawford with a rebound.
2:17 of 2nd period - Snap shot by Nick Bonino.
2:17 of 2nd period - Shot Blocked by Taylor Hall.
2:19 of 2nd period - Wrist shot by Jason Demers.
2:19 of 2nd period - Stopped by Corey Crawford with a rebound.
2:21 of 2nd period - Wrist shot by Milan Michalek.
2:21 of 2nd period - Shot Blocked by Taylor Hall.
2:43 of 2nd period - Mark Giordano is hit by Derek Stepan and loses puck.
2:50 of 2nd period - Mark Stuart is hit by Andrew Ladd and loses puck.
2:58 of 2nd period - Minor Penalty to Andrew Ladd for Delaying the game.
2:59 of 2nd period - Evgeni Malkin wins face-off versus Nick Bonino in Oilers zone.
3:18 of 2nd period - Slapshot by Evgeni Malkin.
3:18 of 2nd period - Goal by Evgeni Malkin - Oilers : 2 - Flyers : 2.
3:19 of 2nd period - Nicklas Backstrom wins face-off versus Jakub Voracek in neutral zone.
3:50 of 2nd period - Niklas Kronwall is hit by Patrick Marleau and loses puck.
4:33 of 2nd period - Wrist shot by Bryan Little.
4:33 of 2nd period - Deflect By Derek Stepan.
4:33 of 2nd period - Stopped by Jeremy Smith without a rebound.
4:34 of 2nd period - David Desharnais wins face-off versus Bryan Little in Oilers zone.
4:34 of 2nd period - David Desharnais is hit by Gabriel Landeskog.
4:50 of 2nd period - Wrist shot by David Desharnais.
4:50 of 2nd period - Shot Blocked by Mark Stuart.
5:06 of 2nd period - Snap shot by Corey Perry.
5:06 of 2nd period - Shot Misses the Net.
5:46 of 2nd period - Ryan McDonagh is hit by Chris Kreider and loses puck.
6:08 of 2nd period - Icing by Luke Glendening.
6:09 of 2nd period - Nate Thompson wins face-off versus Derek Stepan in Flyers zone.
6:32 of 2nd period - Snap shot by Andrew Ladd.
6:32 of 2nd period - Shot Blocked by Luke Glendening.
7:15 of 2nd period - Snap shot by Patrick Marleau.
7:15 of 2nd period - Goal by Patrick Marleau - Oilers : 3 - Flyers : 2.
7:16 of 2nd period - Bryan Little wins face-off versus David Desharnais in neutral zone.
7:46 of 2nd period - Minor Penalty to Mark Giordano for Tripping.
7:47 of 2nd period - Bryan Little wins face-off versus Nicklas Backstrom in Flyers zone.
8:22 of 2nd period - Slapshot by James Wisniewski.
8:22 of 2nd period - Stopped by Corey Crawford with a rebound.
8:24 of 2nd period - Snap shot by Derek Stepan.
8:24 of 2nd period - Stopped by Corey Crawford with a rebound.
8:45 of 2nd period - Chris Phillips is hit by Andrew Ladd.
9:46 of 2nd period - Penalty to Mark Giordano is over, Mark Giordano is back on ice.
9:46 of 2nd period - Slapshot by Pavel Datsyuk.
9:46 of 2nd period - Shot Blocked by Mark Giordano.
9:53 of 2nd period - Snap shot by Patrick Marleau.
9:53 of 2nd period - Stopped by Corey Crawford without a rebound.
9:54 of 2nd period - David Desharnais wins face-off versus Evgeni Malkin in Flyers zone.
10:07 of 2nd period - Backhand shot by Trevor Lewis.
10:07 of 2nd period - Shot Misses the Net.
10:57 of 2nd period - Jason Demers is hit by Justin Faulk and loses puck.
11:24 of 2nd period - Snap shot by Andrew Ladd.
11:24 of 2nd period - Stopped by Corey Crawford without a rebound.
11:25 of 2nd period - Derek Stepan wins face-off versus Nate Thompson in Flyers zone.
11:30 of 2nd period - Snap shot by Nick Foligno.
11:30 of 2nd period - Shot Misses the Net.
11:32 of 2nd period - Slapshot by Ryan McDonagh.
11:32 of 2nd period - Stopped by Corey Crawford with a rebound.
11:34 of 2nd period - Slapshot by Ryan McDonagh.
11:34 of 2nd period - Shot Misses the Net.
12:08 of 2nd period - Minor Penalty to Mark Stuart for Goalie Interference.
12:09 of 2nd period - Bryan Little wins face-off versus Nicklas Backstrom in Flyers zone.
12:40 of 2nd period - Slapshot by P.K. Subban.
12:40 of 2nd period - Stopped by Jeremy Smith with a rebound.
12:46 of 2nd period - Chris Phillips is hit by Andrew Ladd and loses puck.
13:37 of 2nd period - Slapshot by Mark Giordano.
13:37 of 2nd period - Deflect By Andrew Ladd.
13:37 of 2nd period - Stopped by Jeremy Smith with a rebound.
14:08 of 2nd period - Penalty to Mark Stuart is over, Mark Stuart is back on ice.
14:25 of 2nd period - Snap shot by Lars Eller.
14:25 of 2nd period - Stopped by Corey Crawford with a rebound.
14:27 of 2nd period - Slapshot by Zbynek Michalek.
14:27 of 2nd period - Shot Misses the Net.
14:29 of 2nd period - Snap shot by Trevor Lewis.
14:29 of 2nd period - Shot Misses the Net.
14:39 of 2nd period - Andrew Ladd is hit by Evgeni Malkin and loses puck.
15:32 of 2nd period - Wrist shot by Riley Nash.
15:32 of 2nd period - Deflect By Jason Demers.
15:32 of 2nd period - Shot Misses the Net.
15:32 of 2nd period - Puck is out of play.
15:33 of 2nd period - Nate Thompson wins face-off versus David Desharnais in Oilers zone.
15:36 of 2nd period - Wrist shot by Nate Thompson.
15:36 of 2nd period - Stopped by Jeremy Smith without a rebound.
15:37 of 2nd period - Nate Thompson wins face-off versus David Desharnais in Oilers zone.
15:58 of 2nd period - Slapshot by Chris Stewart.
15:58 of 2nd period - Shot Misses the Net.
16:00 of 2nd period - Snap shot by Luke Glendening.
16:00 of 2nd period - Deflect By Chris Stewart.
16:00 of 2nd period - Shot Blocked by Zbynek Michalek.
16:00 of 2nd period - Puck is out of play.
16:01 of 2nd period - Nicklas Backstrom wins face-off versus Riley Nash in Oilers zone.
16:10 of 2nd period - Patrick Marleau is hit by Riley Nash and loses puck.
16:19 of 2nd period - Mark Giordano is hit by Nicklas Backstrom and loses puck.
16:32 of 2nd period - Slapshot by Taylor Hall.
16:32 of 2nd period - Shot Blocked by Andrew MacDonald.
17:56 of 2nd period - Snap shot by Nick Foligno.
17:56 of 2nd period - Stopped by Corey Crawford with a rebound.
17:58 of 2nd period - Slapshot by James Wisniewski.
17:58 of 2nd period - Shot Misses the Net.
18:00 of 2nd period - Slapshot by James Wisniewski.
18:00 of 2nd period - Shot Misses the Net.
18:02 of 2nd period - Slapshot by James Wisniewski.
18:02 of 2nd period - Shot Blocked by Justin Faulk.
18:11 of 2nd period - Icing by P.K. Subban.
18:12 of 2nd period - Nicklas Backstrom wins face-off versus Bryan Little in Flyers zone.
18:41 of 2nd period - Slapshot by Patrick Marleau.
18:41 of 2nd period - Stopped by Corey Crawford with a rebound.
18:43 of 2nd period - Snap shot by Niklas Hjalmarsson.
18:43 of 2nd period - Shot Misses the Net.
18:45 of 2nd period - Slapshot by Niklas Hjalmarsson.
18:45 of 2nd period - Deflect By Patrick Marleau.
18:45 of 2nd period - Shot Misses the Net.
18:45 of 2nd period - Puck is out of play.
18:46 of 2nd period - Lars Eller wins face-off versus Evgeni Malkin in Flyers zone.
19:09 of 2nd period - Wrist shot by Evgeni Malkin.
19:09 of 2nd period - Stopped by Jeremy Smith without a rebound.
19:10 of 2nd period - Nick Foligno wins face-off versus Riley Nash in Oilers zone.
19:15 of 2nd period - Chris Kreider is hit by Zbynek Michalek and loses puck.
Goals for this period are 2 for Oilers vs 1 for Flyers.
Shots for this period are 14 for Oilers vs 6 for Flyers.

3rd period


0:01 of 3rd period - Bryan Little wins face-off versus Nicklas Backstrom in neutral zone.
0:24 of 3rd period - Snap shot by Pavel Datsyuk.
0:24 of 3rd period - Stopped by Corey Crawford with a rebound.
0:26 of 3rd period - Slapshot by Ryan McDonagh.
0:26 of 3rd period - Deflect By Patrick Marleau.
0:26 of 3rd period - Shot Misses the Net.
0:26 of 3rd period - Puck is out of play.
0:27 of 3rd period - Evgeni Malkin wins face-off versus Derek Stepan in Flyers zone.
0:54 of 3rd period - Wrist shot by Evgeni Malkin.
0:54 of 3rd period - Stopped by Jeremy Smith without a rebound.
0:55 of 3rd period - Gabriel Landeskog wins face-off versus Nicklas Backstrom in Oilers zone.
1:16 of 3rd period - Corey Perry is hit by Ryan McDonagh and loses puck.
1:23 of 3rd period - Ryan McDonagh is hit by Gabriel Landeskog and loses puck.
2:44 of 3rd period - Snap shot by Evgeni Malkin.
2:44 of 3rd period - Goal by Evgeni Malkin - Oilers : 3 - Flyers : 3.
2:45 of 3rd period - Nicklas Backstrom wins face-off versus Bryan Little in neutral zone.
4:15 of 3rd period - Backhand shot by David Desharnais.
4:15 of 3rd period - Stopped by Corey Crawford without a rebound.
4:16 of 3rd period - Riley Nash wins face-off versus David Desharnais in Flyers zone.
4:42 of 3rd period - Wrist shot by Taylor Hall.
4:42 of 3rd period - Shot Misses the Net.
4:44 of 3rd period - Slapshot by Mark Giordano.
4:44 of 3rd period - Stopped by Jeremy Smith with a rebound.
4:46 of 3rd period - Snap shot by Riley Nash.
4:46 of 3rd period - Shot Blocked by Zbynek Michalek.
4:52 of 3rd period - Snap shot by Riley Nash.
4:52 of 3rd period - Shot Blocked by Zbynek Michalek.
5:08 of 3rd period - Zbynek Michalek is hit by Nate Thompson and loses puck.
5:19 of 3rd period - P.K. Subban is hit by Nicklas Backstrom and loses puck.
5:28 of 3rd period - Snap shot by Nicklas Backstrom.
5:28 of 3rd period - Shot Misses the Net.
5:30 of 3rd period - Slapshot by Jason Demers.
5:30 of 3rd period - Shot Misses the Net.
5:58 of 3rd period - Slapshot by Bryan Little.
5:58 of 3rd period - Stopped by Jeremy Smith without a rebound.
5:59 of 3rd period - Bryan Little wins face-off versus Derek Stepan in Oilers zone.
6:22 of 3rd period - Snap shot by Andrew Ladd.
6:22 of 3rd period - Shot Misses the Net.
8:14 of 3rd period - Snap shot by Andrew Ladd.
8:14 of 3rd period - Stopped by Corey Crawford without a rebound.
8:15 of 3rd period - Riley Nash wins face-off versus Derek Stepan in Flyers zone.
8:19 of 3rd period - Icing by Taylor Hall.
8:20 of 3rd period - Derek Stepan wins face-off versus Riley Nash in Flyers zone.
9:32 of 3rd period - Chris Phillips is hit by James Wisniewski.
10:36 of 3rd period - Wrist shot by Evgeni Malkin.
10:36 of 3rd period - Stopped by Jeremy Smith with a rebound.
10:44 of 3rd period - Slapshot by Evgeni Malkin.
10:44 of 3rd period - Stopped by Jeremy Smith with a rebound.
10:53 of 3rd period - Icing by James Wisniewski.
10:54 of 3rd period - David Desharnais wins face-off versus Riley Nash in Oilers zone.
10:59 of 3rd period - Taylor Hall is hit by Ryan McDonagh and loses puck.
12:26 of 3rd period - Bryan Little is hit by Nick Foligno and loses puck.
13:03 of 3rd period - Slapshot by Jakub Voracek.
13:03 of 3rd period - Shot Blocked by Andrew MacDonald.
13:05 of 3rd period - Wrist shot by Mark Stuart.
13:05 of 3rd period - Stopped by Jeremy Smith with a rebound.
13:07 of 3rd period - Snap shot by Chris Phillips.
13:07 of 3rd period - Deflect By Nick Foligno.
13:07 of 3rd period - Stopped by Jeremy Smith with a rebound.
13:09 of 3rd period - Slapshot by Chris Phillips.
13:09 of 3rd period - Shot Blocked by Jason Demers.
13:11 of 3rd period - Slapshot by Chris Phillips.
13:11 of 3rd period - Stopped by Jeremy Smith with a rebound.
13:13 of 3rd period - Wrist shot by Mark Stuart.
13:13 of 3rd period - Stopped by Jeremy Smith without a rebound.
13:14 of 3rd period - Riley Nash wins face-off versus Nicklas Backstrom in Oilers zone.
13:37 of 3rd period - Snap shot by Taylor Hall.
13:37 of 3rd period - Stopped by Jeremy Smith with a rebound.
13:39 of 3rd period - Slapshot by Chris Phillips.
13:39 of 3rd period - Shot Blocked by Nicklas Backstrom.
13:45 of 3rd period - Slapshot by Taylor Hall.
13:45 of 3rd period - Shot Misses the Net.
13:47 of 3rd period - Slapshot by Mark Stuart.
13:47 of 3rd period - Deflect By Patrick Marleau.
13:47 of 3rd period - Stopped by Jeremy Smith with a rebound.
13:49 of 3rd period - Snap shot by Chris Phillips.
13:49 of 3rd period - Stopped by Jeremy Smith with a rebound.
14:54 of 3rd period - Minor Penalty to Ryan McDonagh for Hooking.
14:55 of 3rd period - Nick Bonino wins face-off versus Bryan Little in Oilers zone.
15:22 of 3rd period - Wrist shot by Bryan Little.
15:22 of 3rd period - Shot Misses the Net.
15:32 of 3rd period - Snap shot by Bryan Little.
15:32 of 3rd period - Shot Blocked by Zbynek Michalek.
15:58 of 3rd period - Off-side.
15:59 of 3rd period - Evgeni Malkin wins face-off versus David Desharnais in neutral zone.
16:33 of 3rd period - Andrew MacDonald is hit by Bryan Little.
16:54 of 3rd period - Penalty to Ryan McDonagh is over, Ryan McDonagh is back on ice.
16:55 of 3rd period - James Wisniewski is hit by P.K. Subban.
17:56 of 3rd period - Niklas Hjalmarsson is hit by Taylor Hall and loses puck.
18:03 of 3rd period - Slapshot by Taylor Hall.
18:03 of 3rd period - Stopped by Jeremy Smith without a rebound.
18:04 of 3rd period - Derek Stepan wins face-off versus Gabriel Landeskog in Oilers zone.
18:16 of 3rd period - Slapshot by Mark Stuart.
18:16 of 3rd period - Shot Hit the Post.
18:18 of 3rd period - Slapshot by Mark Stuart.
18:18 of 3rd period - Shot Hit the Post.
18:20 of 3rd period - Wrist shot by Gabriel Landeskog.
18:20 of 3rd period - Deflect By Bryan Little.
18:20 of 3rd period - Goal by Bryan Little - Oilers : 3 - Flyers : 4.
18:21 of 3rd period - Nate Thompson wins face-off versus Lars Eller in neutral zone.
18:24 of 3rd period - Slapshot by P.K. Subban.
18:24 of 3rd period - Stopped by Jeremy Smith without a rebound.
18:25 of 3rd period - Nate Thompson wins face-off versus Trevor Lewis in Oilers zone.
18:28 of 3rd period - Slapshot by Justin Faulk.
18:28 of 3rd period - Shot Misses the Net.
18:50 of 3rd period - Snap shot by Chris Stewart.
18:50 of 3rd period - Deflect By Nate Thompson.
18:50 of 3rd period - Shot Blocked by Andrew MacDonald.
18:50 of 3rd period - Puck is out of play.
18:51 of 3rd period - Joel Quenneville call a timeout for Oilers.
18:51 of 3rd period - Bryan Little wins face-off versus Derek Stepan in Oilers zone.
19:08 of 3rd period - Wrist shot by Bryan Little.
19:08 of 3rd period - Stopped by Jeremy Smith with a rebound.
19:50 of 3rd period - Zbynek Michalek is hit by Bryan Little and loses puck.
Goals for this period are 0 for Oilers vs 2 for Flyers.
Shots for this period are 3 for Oilers vs 17 for Flyers.